 Dungeon Crawl Stone Soup version 0.31-a0-204-g7da18cac08 (webtiles) character file.

Game seed: 7235770533927800684

35 lunkers the Cutter (level 3, -3/26 HPs)
             Began as a Meteoran Wanderer on June 27, 2023.
             Slain by a worm (8 damage)
             ... on level 3 of the Dungeon.
             The game lasted 00:02:30 (846 turns).

lunkers the Cutter (Meteoran Wanderer)               Turns: 846, Time: 00:02:31

Health: -3/26      AC:  3    Str: 14    XL:     3   Next: 79%
Magic:  4/4        EV: 12    Int: 14    God:
Gold:   115        SH:  0    Dex: 14    Spells: 2/2 levels left

rFire   . . .        a - +2 short sword
rCold   + . .        (no shield)
rNeg    . . .        e - +0 robe
rPois   .            (no helmet)
rElec   .            (no cloak)
rCorr   .            c - +0 pair of gloves
SInv    .            (no boots)
Will    .....        (no amulet)
Stlth   +            m - ring of protection from cold
HPRegen 0.24/turn    (no ring)
MPRegen 0.09/turn

%: no passive effects
@: glowing
A: sense surroundings 1, otherworldly, glowing, explore regen
a: no special abilities


You were on level 3 of the Dungeon.
You visited 1 branch of the dungeon, and saw 3 of its levels.

You collected 115 gold pieces.

Inventory:

Hand Weapons
 a - a +2 short sword (weapon)
 b - a +0 quarterstaff
Armour
 c - a +0 pair of gloves (worn)
 e - a +0 robe (worn)
Jewellery
 m - a ring of protection from cold (left hand)
Scrolls
 d - a scroll of blinking
 f - 2 scrolls of amnesia {unknown}
 i - 2 scrolls of vulnerability {unknown}
 j - a scroll of enchant weapon {unknown}
 k - a scroll of fear {unknown}
 l - 2 scrolls of identify {unknown}
Potions
 g - a potion of brilliance {unknown}
 h - a potion of lignification {unknown}
 n - 2 potions of heal wounds {unknown}
 o - a potion of haste {unknown}


   Skills:
 + Level 6.5 Short Blades
 - Level 2.4 Staves
 - Level 1.2 Throwing
 - Level 2.4 Dodging


You had 2 spell levels left.
You didn't know any spells.
Your spell library contained the following spells:

 Spells                   Type           Power      Damage    Failure   Level
 Necrotise                Necr           0%         1d4       28%         1
 Vampiric Draining        Necr           0%         2d6       65%         3
 Ice Form                 Ice/Tmut       0%         N/A       96%         4
 Agony                    Necr           0%         N/A       100%        5
 Alistair's Intoxication  Tmut/Pois      0%         N/A       100%        5
 Yara's Violent Unravell  Hex/Tmut       0%         3d3       100%        5


Dungeon Overview and Level Annotations

Branches:
Dungeon (3/15) Zot: 988

Altars:


Innate Abilities, Weirdness & Mutations

You passively map a small area around you.
You are easily found by Zot.
You glow in the dark.
You regain HP and MP as you explore.


Message History

You hit the endoplasm.
You kill the endoplasm!
The worm barely misses you.
You hit the worm.
The worm is moderately wounded.
You barely miss the worm.
The worm is moderately wounded.
The worm barely misses you.
You barely miss the worm.
The worm is moderately wounded.
You hit the worm but do no damage.
The worm is moderately wounded.
The worm closely misses you.
You hit the worm.
The worm is heavily wounded.
You hit the worm.
The worm is severely wounded.
You hit the worm but do no damage.
The worm is severely wounded.
The worm bites you.
You hit the worm.
The worm is severely wounded.
You hit the worm.
The worm is severely wounded.
You hit the worm.
The worm is almost dead.
The worm bites you!
* * * LOW HITPOINT WARNING * * *
You barely miss the worm.
The worm is severely wounded.
You barely miss the worm.
The worm is severely wounded.
The worm bites you!
* * * LOW HITPOINT WARNING * * *
You hit the worm but do no damage.
The worm is severely wounded.
You hit the worm.
The worm is almost dead.
The worm bites you!
You die...

............ * ..........#*
*#........# , ##........##
, * * #..........# ,###* ,
* #..........# . .. * . *
#..........# #.#.## #.>*
#w...?.....# #.#..####
#..###@....:.!..#
#..#.<..####....#........##
#...##...#####..#......##
###.).##..#......####### #
###..# #....#..#
#######.##.#....##.##
................##..#
....###.##......###.#
###.....##......# #.#


You could see a worm.

Vanquished Creatures
  6 orcs (D:3)
  2 bats
  2 endoplasms
  A giant cockroach (D:1)
  4 goblins
  5 hobgoblins (D:1)
  2 kobolds
  A quokka (D:1)
  A rat (D:1)
24 creatures vanquished.

Notes
Turn   | Place    | Note
-------+----------+-------------------------------------------
     0 | D:1      | lunkers the Meteoran Wanderer began the quest for the Orb.
     0 | D:1      | lunkers set off with the following items: a +2 short sword,
                  | a +0 quarterstaff, a +0 pair of gloves, a scroll of
                  | blinking, a +0 robe.
     0 | D:1      | Reached XP level 1. HP: 14/14 MP: 2/2
    80 | D:1      | Reached XP level 2. HP: 16/20 MP: 3/3
   178 | D:1      | Reached skill level 6 in Short Blades
   302 | D:1      | Reached XP level 3. HP: 26/26 MP: 4/4
   505 | D:2      | Got Toxkoel's Book of Moulding
   846 | D:3      | Slain by a worm

Illustrated notes

Levels and vault maps discovered:
D:1:      minmay_arrival_doors, layout_rooms, serial_bayou_pond_d
D:2:      layout_basic, uniq_natasha
D:3:      layout_rooms, serial_curves, eino_curves_03, eino_curves_03,
          minmay_misc_feat_square

Skill      XL: |  1  2 |
---------------+-------+-----
Short Blades   | 6 |  6.5
Staves         | |  2.4
Throwing       | |  1.2
Dodging        | |  2.4

Action                     || total
---------------------------++-------
  Melee: Short sword       ||   112
         Punch             ||     2
 Armour: Robe              ||    22
  Dodge: Dodged            ||    46

Table legend: (Time is in decaauts)
 A = Elapsed time spent in this place.
 B = Non-inter-level travel time spent in this place.
 C = Inter-level travel time spent in this place.
 D = Time resting spent in this place.
 E = Time spent auto-exploring this place.
 F = Levels seen in this place.
 G = Mean time per level.
                   A        B        C        D        E       F      G
               +--------+--------+--------+--------+--------+-----+--------+
         Total |    811 |    811 |      0 |      0 |    590 |   3 |  270.3 |
       Dungeon |    811 |    811 |      0 |      0 |    590 |   3 |  270.3 |
               +--------+--------+--------+--------+--------+-----+--------+

Top non-repeatable levels by time:
     D:1: 339 daAuts
     D:2: 287 daAuts
     D:3: 184 daAuts
